Map: Dusk Towers

Players

LilDicky

  • Race: Terran Terran
  • League: Platinum

Milk - Winner!

  • Race: Terran Terran
  • League: Platinum

VOD

http://www.twitch.tv/tumescentpie

Description

Time

  • Played on: Nov. 20, 2015, 11:37 a.m.
  • Length: 16:08
Show
View Real Time Build Order
Export as new Build Order

LilDicky Terran 

Build Orders: Command Center First (CC), MMM Bio, Banshee Rush 

Get SALT Encoding   

  12  0:02  SCV  
  13  0:14  SCV  
  13  0:19  Supply Depot  
  14  0:26  SCV  
  15  0:41  SCV  
  16  0:58  Command Center  
  16  1:00  SCV  
  17  1:13  SCV  
  17  1:16  Barracks  
  18  1:23  Refinery  
  18  1:30  SCV  
  19  1:42  SCV  
  20  1:54  SCV  
  21  2:03  Marine  
  21  2:08  Supply Depot, Orbital Command  
  22  2:17  Orbital Command  
  22  2:21  Marine  
  22  2:29  Factory, Refinery  
  22  2:38  Marine  
  22  2:39  SCV  
  24  2:44  SCV  
  24  2:51  SCV  
  26  2:56  SCV, Marine  
  28  3:03  SCV  
  29  3:09  SCV  
  30  3:14  Factory Tech Lab, Starport  
  30  3:15  SCV  
  30  3:17  Marine  
  32  3:30  SCV x2  
  34  3:35  Marine  
  35  3:42  SCV  
  35  3:43  SCV, Widow Mine  
  35  3:47  Engineering Bay  
  38  3:54  SCV, Barracks  
  38  3:55  SCV, Barracks  
  40  3:57  Banshee, Barracks Tech Lab, Cloaking Field  
  43  4:06  SCV  
  43  4:07  SCV  
  43  4:09  Supply Depot  
  45  4:14  Factory Tech Lab  
  45  4:25  Stimpack, Marine  
  45  4:30  SCV x2  
  48  4:31  Supply Depot  
  48  4:32  Terran Infantry Weapons Level 1  
  48  4:43  SCV x2  
  50  4:51  Refinery  
  50  4:53  Missile Turret  
  50  4:54  Missile Turret  
  50  4:55  SCV, Supply Depot  
  51  5:00  Barracks Reactor  
  51  5:01  Barracks Reactor  
  51  5:02  SCV  
  51  5:05  Marine  
  54  5:07  SCV, Banshee  
  54  5:11  Supply Depot x2  
  54  5:13  Missile Turret  
  57  5:23  Marine  
  57  5:26  SCV  
  59  5:29  SCV  
  59  5:31  Refinery  
  60  5:46  Command Center  
  60  5:59  SCV x2  
  61  6:08  Marine x2  
  61  6:09  Barracks x2  
  61  6:10  Siege Tank  
  66  6:26  Viking x2  
  66  6:27  Marine x2  
  66  6:28  Marauder  
  66  6:31  Command Center  
  74  6:33  Marine  
  74  6:34  SCV  
  74  6:36  SCV  
  77  6:45  Marine x2  
  77  6:47  SCV  
  80  6:48  SCV  
  80  6:49  Barracks x3  
  80  6:50  Barracks  
  81  6:54  Missile Turret  
  81  6:59  Barracks Reactor x2, SCV  
  81  7:00  SCV  
  80  7:11  SCV, Missile Turret x2  
  81  7:34  SCV x2  
  81  7:35  Siege Tank  
  86  7:41  Medivac, Marine  
  86  7:42  Medivac, Marine  
  86  7:43  Marauder  
  91  7:49  Armory x2  
  91  7:52  Command Center  
  91  7:53  SCV x2  
  91  7:54  Marine x2  
  95  7:58  Terran Infantry Armor Level 1  
  95  8:03  Engineering Bay  
  95  8:05  SCV x2  
  95  8:06  Refinery  
  95  8:07  Refinery  
  95  8:11  Viking  
  95  8:12  Siege Tank  
  102  8:17  SCV  
  102  8:18  SCV  
  102  8:19  Orbital Command  
  104  8:21  Marine x2  
  104  8:25  Barracks Reactor  
  104  8:26  Barracks Reactor  
  106  8:28  Combat Shields  
  106  8:29  Concussive Shells  
  106  8:30  SCV  
  106  8:31  Marine  
  106  8:32  Marine  
  106  8:33  SCV  
  110  8:42  SCV, Terran Vehicle And Ship Armor Level 1  
  110  8:43  Terran Ship Weapons Level 1  
  110  8:45  Terran Infantry Weapons Level 2  
  110  8:46  SCV  
  110  8:47  SCV  
  113  8:55  Marine x2  
  114  8:56  Marauder  
  114  9:01  Marauder, Medivac x2  
  123  9:06  Supply Depot  
  123  9:15  Marine x2  
  125  9:17  Marauder  
  125  9:18  Marine x2  
  125  9:19  Marine  
  125  9:21  Marine  
  125  9:23  Marauder  
  133  9:24  Missile Turret  
  133  9:27  Planetary Fortress  
  81  9:31  Medivac  
  133  9:37  SCV  
  133  9:38  SCV, Marine x2  
  139  9:39  Marauder  
  139  9:40  Marine x2  
  139  9:41  Marine  
  139  9:43  Marine x2  
  139  9:44  Marauder  
  148  9:54  Supply Depot, Siege Tank, Medivac  
  148  9:56  Supply Depot, Terran Infantry Armor Level 2  
  148  9:57  Marine  
  148  9:59  Supply Depot  
  154  10:00  Marauder  
  154  10:18  Marauder  
  154  10:19  Marine  
  154  10:20  Marine  
  158  10:21  Marauder  
  160  10:31  Marine x5  
  165  10:38  Factory  
  165  10:39  Supply Depot  
  165  10:40  Supply Depot x2  
  165  10:42  Supply Depot  
  165  10:43  Marine  
  165  10:44  Siege Tank, Marauder x2  
  165  10:45  Command Center  
  107  11:05  Marauder x2  
  107  11:17  Marine  
  107  11:18  Marine x2  
  106  11:19  Marine  
  106  11:20  Marine  
  106  11:27  Marauder x2  
  106  11:31  Command Center, Factory Tech Lab  
  108  11:48  Marauder  
  105  11:58  Marine  
  105  11:59  Marine x9  
  105  12:00  Marauder  
  112  12:09  Marauder  
  112  12:13  SCV x2  
  116  12:16  SCV, Marine  
  116  12:17  Marine x2  
  116  12:18  Marine  
  116  12:19  Marine  
  116  12:21  Marauder  
  124  12:25  SCV  
  124  12:26  SCV  
  126  12:31  Marauder  
  126  12:36  Marine  
  126  12:37  Marine x8  
  124  12:38  Marine  
  124  12:39  Medivac x2  
  124  12:42  Marauder  
  139  12:52  Marauder  
  139  12:54  Command Center, Marine x2  
  139  12:55  Marine x3  
  139  12:56  Command Center  
  139  12:57  Terran Infantry Weapons Level 3, Terran Infantry Armor Level 3  
  146  12:58  Terran Vehicle And Ship Armor Level 2  
  146  13:00  Marine x2  
  146  13:01  Siege Tank  
  146  13:04  Terran Vehicle Weapons Level 1, Marauder  
  153  13:14  Marine  
  153  13:15  Marauder  
  126  13:40  Marine  
  96  13:51  Marauder, Marine x3  
  96  13:52  Marine x3  
  96  13:53  Marauder, Marine x2  
  84  13:57  Marine  
  84  13:58  Marine  
  80  14:05  Siege Tank  
  80  14:08  Marine  
  81  14:10  Marine  
  81  14:11  Marine  
  81  14:12  Marine  
  81  14:13  Marauder  
  81  14:15  Marauder  
  86  14:35  Marine  
  86  14:36  Planetary Fortress  
  87  14:54  Siege Tank x2  
  87  14:55  Medivac x2  
  87  14:57  SCV x2  
  87  14:58  SCV, Marine x3  
  87  14:59  Marine  
  103  15:00  Marauder, Marine  
  107  15:07  Planetary Fortress  
  107  15:12  Missile Turret  
  107  15:14  Missile Turret  
  107  15:16  Missile Turret  
  107  15:18  SCV x3  
  107  15:21  Marine x2  
  110  15:23  SCV  
  110  15:24  Marine x2  
  110  15:26  Marine x2  
  110  15:27  Marine x2  
  119  15:30  SCV x2  
  104  15:39  Marine x2  
  92  15:45  Marine x5  
  92  15:46  Marine x2, Marauder x2  
Show
View Real Time Build Order
Export as new Build Order

Milk Terran - Winner!

Build Orders: MMM Bio 

Get SALT Encoding   

  12  0:01  SCV  
  13  0:13  SCV  
  14  0:18  Supply Depot  
  14  0:25  SCV  
  15  0:39  SCV  
  15  0:40  Barracks  
  16  0:51  SCV  
  17  1:14  Command Center  
  17  1:18  SCV  
  18  1:26  Refinery, Marine  
  19  1:35  Orbital Command  
  19  1:44  Marine  
  20  1:53  Supply Depot  
  20  2:02  SCV, Marine  
  22  2:20  Barracks Reactor  
  22  2:27  Barracks x2  
  22  2:30  SCV  
  22  2:32  Orbital Command  
  23  2:46  Factory  
  23  2:49  Refinery  
  23  2:50  SCV  
  24  2:58  Marine x2  
  24  3:00  SCV  
  24  3:02  SCV  
  29  3:12  SCV  
  29  3:14  SCV  
  29  3:15  Barracks Tech Lab x2  
  29  3:18  Marine x2  
  32  3:25  SCV, Supply Depot  
  32  3:26  SCV  
  34  3:31  Engineering Bay  
  33  3:51  Factory Reactor  
  33  3:52  Starport  
  33  3:54  SCV x2  
  35  4:01  Stimpack, Marine x4  
  39  4:10  Missile Turret  
  39  4:12  Missile Turret  
  39  4:21  Missile Turret  
  39  4:24  SCV x2  
  41  4:25  Missile Turret  
  41  4:27  Marine  
  42  4:35  Medivac  
  42  4:36  SCV  
  42  4:37  Medivac  
  47  4:40  SCV  
  48  4:48  SCV  
  48  4:50  Combat Shields  
  49  4:53  SCV, Marine x2  
  52  5:00  Supply Depot, SCV  
  52  5:05  SCV  
  54  5:10  Medivac  
  54  5:12  SCV  
  57  5:17  SCV  
  58  5:22  Marine x4  
  58  5:24  SCV  
  58  5:25  Widow Mine  
  65  5:29  SCV  
  66  5:36  Command Center, SCV  
  66  5:41  SCV  
  68  5:44  Refinery  
  68  5:46  Refinery  
  68  5:48  SCV, Marine  
  70  6:29  Supply Depot x2, Marine x3  
  70  6:30  Marauder  
  70  6:31  Supply Depot  
  75  6:43  Barracks  
  75  6:44  Barracks  
  75  6:47  Marauder, Barracks, Marine  
  75  6:51  Terran Infantry Weapons Level 1  
  75  6:52  Barracks x2  
  78  6:54  Armory  
  78  6:55  Engineering Bay  
  78  6:58  Marine, Marauder  
  81  7:05  Marine  
  79  7:50  Barracks Reactor x5  
  79  7:51  Marine  
  79  7:52  Marine x3  
  79  7:54  Orbital Command  
  79  7:55  SCV x2  
  85  8:07  SCV x2  
  85  8:11  Supply Depot  
  85  8:12  Supply Depot, Marauder, Marine x2  
  91  8:13  Marauder  
  91  8:14  Supply Depot, Concussive Shells  
  91  8:17  Medivac x2  
  91  8:19  SCV  
  98  8:20  Factory Reactor  
  98  8:23  Terran Infantry Armor Level 1  
  98  8:24  Terran Vehicle And Ship Armor Level 1  
  98  8:28  Supply Depot, SCV x2  
  98  8:30  Supply Depot, Marine  
  98  8:31  Marine x4  
  105  8:36  SCV  
  105  8:39  Marine x2  
  105  8:40  SCV x2  
  105  8:41  Marine x2  
  111  8:43  Marine  
  111  8:48  SCV, Terran Infantry Weapons Level 2  
  114  8:50  Medivac  
  114  8:52  Medivac  
  114  8:53  Marine  
  114  8:54  Marine x2  
  121  8:55  Marine  
  121  8:56  Marine  
  121  8:57  Marine  
  121  8:58  Marine  
  121  9:01  SCV x2  
  121  9:02  SCV  
  128  9:13  SCV x2, Marine x8  
  128  9:14  Marine  
  139  9:24  Marauder, Marine x4  
  139  9:30  Marine  
  139  9:31  Marine x5  
  151  9:38  Marine  
  151  9:39  Marine x2  
  151  9:41  Medivac  
  151  9:42  Marine  
  157  9:49  Marauder, Medivac, Marine x4  
  157  9:52  Supply Depot  
  165  9:54  Supply Depot  
  165  10:08  Marine  
  133  10:23  Marine x10, Marauder x2  
  133  10:24  Marine  
  133  10:26  Command Center, Marine  
  149  10:34  Terran Infantry Armor Level 2  
  149  10:36  Widow Mine x2  
  149  10:40  Marine  
  149  10:41  Marine x2  
  155  10:54  Marine x9, Marauder x2  
  155  10:56  Medivac  
  144  10:58  Marine, Medivac  
  144  10:59  Marine x2  
  125  11:11  Marine  
  125  11:12  Marine x8  
  125  11:15  Marauder x2  
  125  11:16  Marine  
  125  11:32  Medivac x2  
  126  11:33  Marine  
  126  11:34  Marine x10  
  126  11:36  Marauder, Marine  
  126  11:37  Marine  
  138  12:08  Orbital Command  
  138  12:10  SCV x3  
  141  12:22  SCV x2  
  142  12:23  SCV  
  142  12:24  Marauder x2, Marine x5  
  142  12:25  Marine x7  
  160  12:31  Command Center  
  159  12:42  Marine x6  
  159  12:43  Marine  
  166  12:45  Terran Infantry Weapons Level 3  
  166  12:46  Marauder x2  
  166  12:50  Terran Infantry Armor Level 3  
  170  12:52  Medivac  
  170  12:54  Medivac  
  174  13:05  Refinery x2  
  174  13:08  Command Center  
  151  13:38  Marauder, Marine x10  
  151  13:39  Marine x3  
  115  13:55  Marine  
  115  13:56  Marine x11  
  115  13:57  Marauder  
  115  13:59  Marauder  
  127  14:13  Marine  
  127  14:14  Marine x7  
  135  14:20  Marauder, Marine x4  
  135  14:21  Marauder  
  135  14:31  Marine  
  135  14:32  Marine x7  
  135  14:38  Marine x4  
  144  14:41  Marine  
  148  14:48  Orbital Command  
  148  14:50  Command Center  
  148  14:51  Command Center  
  148  14:52  Marauder, Marine x4  
  154  15:01  Marauder, Marine  
  157  15:13  Marauder  
  159  15:18  Marine x9  
  159  15:19  Marine  
  169  15:22  Marauder  
  161  15:49  Marine  
  163  15:50  Marine x9  
Tags
 
Add a new tag
Caveats
  • Supply blocks, unpowered buildings, or Contaminate may cause inaccurate times.
  • Supply counts are checked every 10 seconds.